Map: Orbital Shipyard

Players

EverZtelecoM (telecom) - Winner!

  • Race: Zerg Zerg
  • League: Platinum

Apfel

  • Race: Terran Terran
  • League: Platinum

VOD

Have the link to the VOD?

Description

Time

  • Played on: Oct. 1, 2015, 2:06 p.m.
  • Length: 12:00
Show
View Real Time Build Order
Export as new Build Order

EverZtelecoM Zerg - Winner!

Build Orders: Pool First, Lurkers 

Get SALT Encoding   

  12  0:00  Drone  
  13  0:08  Drone  
  14  0:16  Overlord  
  14  0:24  Extractor  
  14  0:25  Drone  
  15  0:35  Drone x2  
  17  0:42  Extractor  
  16  0:48  Spawning Pool  
  15  0:51  Drone  
  15  0:55  Drone  
  17  1:05  Overlord  
  17  1:16  Drone  
  18  1:28  Drone  
  19  1:35  Roach Warren, Queen  
  19  1:38  Drone  
  21  1:48  Overlord  
  21  2:15  Roach x2  
  25  2:20  Roach  
  27  2:30  Hatchery  
  27  2:32  Roach  
  28  2:42  Roach  
  30  2:44  Roach  
  30  2:45  Roach x2  
  30  2:50  Overlord  
  36  2:55  Drone  
  37  3:07  Overlord  
  37  3:17  Ravager x2  
  37  3:19  Drone x4  
  43  3:25  Extractor  
  43  3:26  Drone  
  43  3:35  Queen  
  45  3:46  Ravager  
  46  3:48  Drone x3  
  46  3:51  Drone x2  
  51  4:08  Drone x2  
  53  4:16  Lair  
  53  4:19  Drone x4  
  57  4:25  Drone  
  57  4:26  Drone  
  57  4:28  Drone  
  58  4:43  Overlord x2, Drone  
  58  4:45  Drone x2, Extractor x2  
  59  4:57  Overlord x2, Drone  
  59  4:58  Overlord  
  60  5:20  Drone  
  58  5:22  Drone, Spire  
  58  5:26  Spore Crawler x2, Drone x2  
  58  5:27  Drone x2  
  56  5:32  Drone x2  
  56  5:34  Drone x5  
  59  5:45  Drone  
  60  5:53  Hatchery  
  59  6:00  Overlord  
  59  6:01  Spore Crawler  
  58  6:04  Drone  
  58  6:08  Spore Crawler, Queen x2  
  62  6:13  Roach  
  64  6:19  Drone  
  64  6:21  Hydralisk Den  
  64  6:30  Drone  
  65  6:35  Mutalisk x3  
  65  6:36  Mutalisk x3  
  65  6:38  Mutalisk  
  78  6:41  Lurker Den  
  78  6:44  Mutalisk  
  78  6:51  Drone  
  78  6:53  Drone  
  80  6:58  Drone x2  
  80  6:59  Drone x2  
  80  7:01  Drone  
  85  7:07  Drone x4  
  89  7:11  Drone  
  90  7:18  Drone x2  
  90  7:20  Hydralisk x2  
  96  7:23  Hydralisk  
  98  7:31  Drone x4  
  100  7:48  Zergling x6  
  100  7:51  Mutalisk  
  100  7:52  Mutalisk  
  103  7:58  Extractor  
  103  7:59  Zergling x4  
  103  8:01  Drone  
  103  8:02  Drone, Extractor  
  103  8:03  Drone  
  106  8:05  Evolution Chamber  
  106  8:07  Evolution Chamber  
  106  8:08  Zergling x2  
  106  8:09  Metabolic Boost  
  106  8:11  Lurker  
  106  8:12  Overlord x2  
  106  8:25  Overlord  
  106  8:26  Overlord  
  106  8:36  Baneling Nest, Hydralisk x2, Zergling x4  
  106  8:39  Lurker x2  
  112  8:50  Drone x2, Zergling x4  
  112  8:52  Drone  
  112  8:54  Drone x3  
  120  8:56  Zerg Missile Weapons Level 1  
  120  8:57  Zerg Ground Armor Level 1  
  120  8:58  Drone x2, Zergling x4  
  120  9:00  Drone  
  120  9:01  Drone x2, Overlord  
  127  9:04  Glial Reconstitution  
  127  9:05  Overlord  
  127  9:06  Overlord  
  127  9:21  Zergling x8  
  127  9:22  Roach x3  
  137  9:30  Drone x3  
  137  9:31  Drone, Roach x3  
  143  9:34  Overlord x2  
  143  9:35  Roach  
  149  9:39  Roach  
  149  9:42  Drone x2  
  147  9:56  Hatchery  
  139  10:06  Zergling x4  
  133  10:10  Roach x5  
  133  10:13  Roach x5  
  133  10:14  Drone x4  
  151  10:23  Roach x6  
  151  10:24  Drone  
  165  10:28  Drone  
  165  10:33  Hatchery  
  164  10:36  Hydralisk  
  164  10:37  Hydralisk x2  
  164  10:40  Muscular Augments  
  170  10:49  Overlord x2  
  170  10:54  Infestation Pit  
  169  10:58  Lurker  
  169  11:03  Overlord x2  
  170  11:13  Baneling x5  
  170  11:16  Zergling x2  
  170  11:17  Lurker  
  172  11:19  Roach x4  
  172  11:21  Roach  
  172  11:22  Roach x3  
  172  11:23  Lurker x2  
  172  11:24  Lurker  
  172  11:25  Zergling x12  
  188  11:37  Zergling x12  
  188  11:38  Zergling x4  
  188  11:39  Zergling x2  
Show
View Real Time Build Order
Export as new Build Order

Apfel Terran 

Build Orders: Reaper Expand, MMM Bio 

Get SALT Encoding   

  12  0:01  SCV  
  13  0:13  SCV  
  14  0:22  Supply Depot  
  14  0:25  SCV  
  15  0:44  SCV, Barracks  
  16  0:50  Refinery  
  16  0:56  SCV  
  17  1:08  SCV  
  18  1:22  SCV  
  19  1:34  Reaper  
  19  1:39  Orbital Command  
  20  1:45  Command Center  
  20  1:53  Supply Depot  
  20  2:01  Supply Depot  
  20  2:09  SCV  
  20  2:13  Barracks Reactor  
  21  2:17  Refinery  
  21  2:21  SCV  
  22  2:34  SCV  
  22  2:35  Factory  
  23  2:46  SCV  
  23  2:50  Marine x2  
  26  2:56  Bunker  
  25  3:02  SCV  
  26  3:08  Marine x2  
  28  3:14  SCV  
  28  3:19  Widow Mine  
  31  3:24  Starport  
  31  3:26  Marine x2  
  33  3:29  Bunker  
  34  3:35  Orbital Command  
  34  3:37  SCV  
  34  3:57  Factory Tech Lab, Marine x2  
  36  4:05  SCV  
  37  4:12  Supply Depot x2  
  37  4:25  Banshee  
  37  4:29  Factory Tech Lab  
  40  4:34  Barracks x2  
  40  4:37  Supply Depot, Barracks  
  40  4:38  Supply Depot  
  40  4:49  Siege Tank  
  43  4:56  Supply Depot  
  42  5:08  Banshee  
  44  5:28  Barracks Tech Lab  
  44  5:30  Barracks Reactor  
  44  5:31  Barracks Reactor  
  44  5:42  Barracks Reactor, Liberator  
  44  5:43  Command Center  
  44  5:48  SCV x2  
  49  6:08  SCV x2, Refinery  
  49  6:09  Refinery  
  51  6:11  Stimpack  
  51  6:20  SCV x2, Marine x2  
  51  6:21  Marine  
  56  6:27  Engineering Bay  
  56  6:32  SCV x2, Engineering Bay  
  58  6:33  Liberator, Marine x2  
  60  6:43  Marine x2  
  60  6:44  SCV, Marauder  
  60  6:45  SCV  
  66  6:47  Supply Depot  
  66  6:48  Supply Depot  
  69  6:54  Unknown  
  69  6:59  Marine x2  
  69  7:00  Factory Reactor  
  71  7:06  SCV x2  
  71  7:08  Missile Turret  
  73  7:09  Terran Infantry Weapons Level 1, Terran Infantry Armor Level 1  
  73  7:17  Supply Depot  
  73  7:18  Supply Depot, Marine  
  74  7:29  Orbital Command  
  73  7:36  Missile Turret  
  70  7:38  Marine  
  70  7:39  Marine x3  
  73  7:51  Marine x2  
  69  7:52  Marauder  
  72  8:00  SCV x2  
  74  8:08  SCV, Liberator x2  
  74  8:12  SCV x2  
  77  8:20  SCV  
  77  8:21  Factory Reactor  
  84  8:35  Marine x3  
  84  8:36  SCV x3, Marauder  
  84  8:40  Missile Turret  
  86  8:48  SCV x2  
  86  8:51  Combat Shields  
  86  8:55  SCV, Barracks  
  89  8:57  Refinery  
  89  8:59  Widow Mine x2  
  89  9:00  SCV x2  
  89  9:02  Liberator x2  
  95  9:07  SCV  
  95  9:12  SCV  
  95  9:13  SCV  
  95  9:17  Marine x3  
  97  9:18  Marauder  
  97  9:19  Marine x2  
  110  9:24  SCV  
  110  9:25  SCV  
  110  9:30  Barracks  
  112  9:33  SCV  
  112  9:34  Marine x2  
  112  9:37  SCV x2  
  117  9:44  Armory  
  117  9:45  SCV  
  117  9:48  Widow Mine  
  117  9:49  SCV  
  117  9:50  SCV, Widow Mine  
  110  9:57  Marine x2  
  89  10:08  Marine  
  89  10:09  Marine  
  89  10:11  Marine x3  
  94  10:15  Marine  
  94  10:17  Marine  
  94  10:18  Barracks  
  94  10:19  Barracks x2, Medivac x2  
  99  10:23  Barracks Reactor  
  99  10:26  Marine x2, Widow Mine x2  
  99  10:27  Barracks  
  102  10:28  SCV  
  102  10:29  Marine  
  104  10:43  Marauder, Marine x3  
  104  10:45  SCV x3  
  104  10:47  Barracks Reactor  
  113  10:57  SCV x3, Marine  
  113  10:58  Marine  
  113  11:03  Supply Depot  
  117  11:05  Supply Depot  
  117  11:07  Command Center  
  117  11:24  Marine x3  
  117  11:25  Marauder  
  125  11:27  Marine  
  121  11:36  Marine x2  
  106  11:40  Marine x2  
Tags
 
Add a new tag
Caveats
  • Supply blocks, unpowered buildings, or Contaminate may cause inaccurate times.
  • Supply counts are checked every 10 seconds.